 Dungeon Crawl Stone Soup version 0.28.0-62-gf88900778d (webtiles) character file.

Game seed: 17696482240499415534

180 cbfl8 the Skirmisher (level 5, -3/48 HPs)
             Began as a Minotaur Berserker on Mar 8, 2023.
             Was a Believer of Trog.
             Slain by an orc wizard
             ... wielding a +0 dagger
              (4 damage)
             ... on level 3 of the Dungeon.
             The game lasted 00:02:41 (2193 turns).

cbfl8 the Skirmisher (Minotaur Berserker)           Turns: 2193, Time: 00:02:42

Health: -3/48      AC:  5    Str: 22    XL:     5   Next: 33%
Magic:  4/4        EV: 11    Int:  4    God:    Trog [**....]
Gold:   54         SH:  0    Dex: 11    Spells: 4/4 levels left

rFire   + . .      SeeInvis .   a - +0 hand axe
rCold   . . .      Faith    .   (no shield)
rNeg    . . .      Spirit   .   m - +0 ring mail
rPois   .          Reflect  .   (helmet restricted)
rElec   .          Harm     .   (no cloak)
rCorr   .          Rampage  .   (no gloves)
Will    .....                   (no boots)
Stlth   +.........              (no amulet)
HPRegen 0.16/turn               f - ring of protection from fire
MPRegen 0.09/turn               (no ring)

@: no status effects
A: horns 2, retaliatory headbutt
a: Renounce Religion, Berserk, Trog's Hand


You were on level 3 of the Dungeon.
You worshipped Trog.
Trog was pleased with you.
You visited 1 branch of the dungeon, and saw 3 of its levels.

You collected 54 gold pieces.

Inventory:

Hand Weapons
 a - a +0 hand axe (weapon)
Armour
 m - a +0 ring mail (worn)
Jewellery
 f - a ring of protection from fire (left hand)
Scrolls
 b - a scroll of vulnerability {unknown}
 e - 2 scrolls of teleportation {unknown}
 g - a scroll of enchant weapon {unknown}
 h - a scroll of amnesia {unknown}
 l - a scroll of identify {unknown}
Potions
 c - a potion of berserk rage {unknown}
 d - 2 potions of haste {unknown}
 i - a potion of attraction {unknown}
 j - a potion of mutation {unknown}
 k - a potion of might {unknown}


   Skills:
 * Level 5.5 Fighting
 + Level 4.9 Axes
 + Level 2.6 Armour
 + Level 2.8 Dodging
 + Level 0.1 Stealth
 * Level 1.4 Evocations


You had 4 spell levels left.
You didn't know any spells.
Your spell library was empty.

Dungeon Overview and Level Annotations

Branches:
Dungeon (3/15)

Altars:
Okawaru


Innate Abilities, Weirdness & Mutations

You have a pair of horns on your head.
You reflexively headbutt those who attack you in melee.


Message History

a +0 falchion; an orc corpse Unknown command.
You're too confused to move!
Something hits you but does no damage. x2
The goblin barely misses you.
You miss something. Your headbutt misses something. You miss something.
You closely miss the goblin. Something hits you. x2
* * * LOW HITPOINT WARNING * * *
The goblin barely misses you.
You're too confused to move!
Something hits you but does no damage. Something hits you.
* * * LOW HITPOINT WARNING * * *
The goblin hits you with a +0 club.
* * * LOW HITPOINT WARNING * * *
You miss something. Your headbutt misses something. You miss something.
You miss the goblin.
You hear some strange, mumbled words.
A magic dart appears from out of thin air!
The magic dart hits you.
* * * LOW HITPOINT WARNING * * *
Something barely misses you. The goblin barely misses you.
You barely miss something. Your headbutt misses something.
You hit something but do no damage. You slash the goblin!
You kill the goblin!
Trog accepts your kill.
You feel less confused. Something hits you.
* * * LOW HITPOINT WARNING * * *
You hear some strange, mumbled words.
A puff of flame appears from out of thin air!
The puff of flame hits you. You resist.
* * * LOW HITPOINT WARNING * * *
You hit something but do no damage. You hit something. Something hits you.
* * * LOW HITPOINT WARNING * * *
Something hits you but does no damage.
Unknown command.
You hit something but do no damage. Your punch misses something.
You hit something. Something hits you.
* * * LOW HITPOINT WARNING * * *
Something hits you.
You die...

. #.# #.#
###.####
..#....####
#.#).......
#.#.##.####
#.#.##.#
.#####..{.#.#
..>....@{...#
........).#.#
.........##.#
.........# .
.........# #
.........#
.........#
.........#


There were no monsters in sight!

Vanquished Creatures
  An ice beast (D:3)
  Natasha (D:3)
  A worm (D:3)
  3 dart slugs
  3 orcs (D:3)
  2 endoplasms
  5 giant cockroaches
  5 goblins
  4 hobgoblins
  4 jackals
  2 quokkas
  4 ball pythons
  6 bats
  A frilled lizard (D:2)
  4 kobolds
  4 rats
50 creatures vanquished.

Notes
Turn   | Place    | Note
-------+----------+-------------------------------------------
     0 | D:1      | cbfl8 the Minotaur Berserker began the quest for the Orb.
     0 | D:1      | Reached XP level 1. HP: 19/19 MP: 0/0
   203 | D:1      | Reached XP level 2. HP: 27/27 MP: 1/1
   286 | D:1      | Reached skill level 4 in Fighting
  1118 | D:2      | Reached ** piety under Trog
  1279 | D:2      | Reached XP level 3. HP: 32/33 MP: 2/2
  1303 | D:2      | Found a faded altar of an unknown god.
  2046 | D:3      | Found an iron altar of Okawaru.
  2063 | D:3      | Noticed an ice beast
  2073 | D:3      | Killed an ice beast
  2074 | D:3      | Reached skill level 5 in Fighting
  2074 | D:3      | Reached skill level 1 in Evocations
  2074 | D:3      | Reached XP level 4. HP: 42/42 MP: 3/3
  2074 | D:3      | Reached XP level 5. HP: 48/48 MP: 4/4
  2076 | D:3      | Noticed Natasha
  2093 | D:3      | Killed Natasha
  2193 | D:3      | HP: 1/48 [something (2)]
  2193 | D:3      | Slain by an orc wizard

Illustrated notes

Levels and vault maps discovered:
D:1:      minmay_arrival_four_circles, layout_basic
D:2:      layout_basic, nicolae_ecumenical_lake_church, minivault_4,
          kennysheep_small_spiral, minmay_randomly_rotated_circles
D:3:      layout_loops_ring, mainiacjoe_overflow_brackets, st_stairs_4,
          kennysheep_path_1, uniq_natasha

Skill      XL: |  1  2  3 |
---------------+----------+-----
Axes           | 4 |  4.9
Fighting       | 4 5 |  5.5
Evocations     | 1 |  1.4
Armour         | |  2.6
Dodging        | |  2.8
Stealth        | |  0.1

Action                   |  1- 3 |  4- 6 || total
-------------------------+-------+-------++-------
Melee: Hand axe          |    70 |    23 ||    93
       Headbutt          |    12 |     6 ||    18
       Punch             |     2 |       ||     2
Invok: Berserk           |     1 |       ||     1
Armor: Animal skin       |    11 |       ||    11
       Ring mail         |     2 |    15 ||    17
Dodge: Dodged            |    61 |    25 ||    86
